 Dungeon Crawl Stone Soup version 0.31-a0-1002-g8e65716e6e (webtiles) character file.

Game seed: 2484973939617088668

2345 mopl the Ruffian (level 9, -4/63 HPs)
             Began as a Djinni Shapeshifter on Nov 7, 2023.
             Was a Believer of Trog.
             Slain by an orc warrior
             ... wielding a +0 short sword
              (9 damage)
             ... on level 7 of the Dungeon on Nov 9, 2023.
             The game lasted 00:08:00 (5691 turns).

mopl the Ruffian (Djinni Shapeshifter)              Turns: 5691, Time: 00:08:02

Health: -4/63      AC:  4    Str: 20    XL:     9   Next: 71%
Gold:   275        EV: 14    Int: 12    God:    Trog [**....] SH:  0 Dex: 13

rFire   + +          .
                       - Unarmed
rCold   . . .        (no shield)
rNeg    . . .        i - +2 robe of Nophegiu {rC+ Str+3}
rPois   ∞            (helmet currently unavailable)
rElec   .            (cloak currently unavailable)
rCorr   .            (gloves currently unavailable)
SInv    .            (boots unavailable)
Will    .....        (no amulet)
Stlth   +            (no ring)
HPRegen 0.30/turn    (no ring)
MPRegen 0.00/turn

%: infuse magic (-5 HP)
@: beast-form, on berserk cooldown, flying, slowed, very slow
A: beast (slay +3), flying, sickness immunity, fire resistance 2, cold
vulnerability 1, float, innate caster, HP casting, extra vitality 1
a: Begin Untransformation, Renounce Religion, Berserk, Trog's Hand


You were on level 7 of the Dungeon.
You worshipped Trog.
Trog was pleased with you.
You were a hulking beast.
You visited 1 branch of the dungeon, and saw 7 of its levels.

You collected 275 gold pieces.

Inventory:

Missiles
 f - 18 poisoned darts
 l - 4 javelins
 s - 4 boomerangs
 B - a throwing net
Armour
 i - the +2 robe of Nophegiu (worn) {rC+ Str+3}
   (You found it on level 2 of the Dungeon)

   Str+3:     It affects your strength (+3).
   rC+:       It protects you from cold.
 v - a +0 cloak
 D - a +0 helmet
Jewellery
 C - a ring of protection from fire
Talismans
 c - a beast talisman
 d - a flux talisman
 z - a blade talisman
 H - a blade talisman
Wands
 n - a wand of paralysis (2)
Scrolls
 a - 2 scrolls of immolation {unknown}
 e - 3 scrolls of noise {unknown}
 g - 8 scrolls of identify {unknown}
 h - 2 scrolls of amnesia {unknown}
 k - a scroll of poison {unknown}
 q - 2 scrolls of enchant weapon {unknown}
 x - a scroll of torment {unknown}
 y - a scroll of fear {unknown}
 E - a scroll of teleportation {unknown}
 I - a scroll of fog {unknown}
 J - a scroll of revelation {unknown}
Potions
 b - 3 potions of lignification {!q}
 j - 4 potions of might {unknown}
 m - 2 potions of curing {unknown}
 o - 2 potions of attraction {unknown}
 p - 2 potions of brilliance {unknown}
 r - 5 potions of heal wounds {unknown}
 t - a potion of mutation {unknown}
 u - a potion of enlightenment {unknown}
 w - a potion of resistance {unknown}
 A - 3 potions of degeneration {unknown}
 F - a potion of haste {unknown}
 G - a potion of berserk rage {unknown}


   Skills:
 + Level 4.6 Fighting
 + Level 4.4 Armour
 + Level 5.5 Dodging
 * Level 7.2 Unarmed Combat
 * Level 6.1 Shapeshifting


You knew the following spells:

 Your Spells              Type           Power      Damage    Failure   Level
a - Freeze                Ice            0%         1d3       32%         1
b - Ensorcelled Hibernat  Hex/Ice        0%         N/A       45%         2
c - Ozocubu's Armour      Ice            0%         N/A       69%         3
d - Dispel Undead         Necr           0%         3d6       97%         4
Your spell library was empty.

Dungeon Overview and Level Annotations

Branches:
Dungeon (7/15)             Temple (0/1) D:4

Altars:
Okawaru
Ru
Trog
Uskayaw
Wu Jian
Yredelemnul

Shops:
D:2 ?   D:3 [   D:5 (   D:6 =


Innate Abilities, Weirdness & Mutations

You are a hulking beast.
Your limbs bulge with bestial killing power. (Slay +3)
You are flying.
You are immune to sickness and miasma.
You are immune to poison.
Your flesh is very heat resistant. (rF++)
You are vulnerable to cold. (rC-)
You float through the air rather than walking.
You learn spells naturally, not from books.
Your magical power is your life essence.
You have superior vitality. (+4 MHP)


Message History

You punch the orc warrior!
You kill the orc warrior!
Trog accepts your kill.
Things that are here:
a +0 morningstar; a +0 arbalest; a +0 plate armour You punch the orc warrior!
The orc warrior is heavily wounded.
You punch the orc warrior!
The orc warrior is severely wounded.
The orc warrior hits you with a +0 short sword.
You closely miss the orc warrior.
The orc warrior is severely wounded.
You barely miss the orc warrior.
The orc warrior is severely wounded.
The orc warrior hits you with a +0 short sword!
You barely miss the orc warrior.
The orc warrior is severely wounded.
You are no longer berserk.
You are exhausted.
You feel yourself slow down.
You barely miss the orc warrior.
The orc warrior is severely wounded.
The orc warrior hits you with a +0 short sword!
* * * LOW HITPOINT WARNING * * *
The orc warrior barely misses you.
You hit the orc warrior.
The orc warrior is severely wounded.
The orc warrior hits you with a +0 short sword!
* * * LOW HITPOINT WARNING * * *
You hit the orc warrior. Your punch misses the orc warrior.
The orc warrior is almost dead.
The orc warrior hits you with a +0 short sword.
* * * LOW HITPOINT WARNING * * *
Aiming: Paralyse
Press: ? - help, Shift-Dir - straight line, f - orc warrior
Aim: an orc warrior, wielding a +0 short sword and wearing a +0 chain mail (almost dead, chance to affect: 49%)
The orc warrior resists with some effort.
The orc warrior barely misses you.
The orc warrior hits you with a +0 short sword!
You die...

..#.#.....##......##.......#
####.#############.........#
# #.# ....8##.#.....## #
....#####....#
#...#.###....#
#...#.......## #8^.#...##.##
#..o#....#.# ####..h#....###
..8.....'....#
.......8#.<.## #########.###
..# ..## .. .. #.#


You could see an orc warrior.

Vanquished Creatures
  A water moccasin (D:5)
  Duvessa (D:7)
  2 sky beasts (D:7)
  2 orc warriors
  A black bear (D:6)
  3 ice beasts
  2 phantoms (D:6)
  2 kobold brigands (D:7)
  A bullfrog (D:6)
  2 scorpions (D:6)
  5 wights (D:7)
  Dowan (D:7)
  3 hounds
  2 jellies
  Crazy Yiuf (D:4)
  4 iguanas
  A sleepcap (D:6)
  10 gnolls
  10 adders
  A white imp (D:6)
  2 ufetubi (D:5)
  A dart slug (D:4)
  17 orcs
  11 ball pythons
  8 endoplasms
  2 giant cockroaches (D:2)
  5 goblins
  10 hobgoblins
  7 jackals
  22 kobolds
  2 quokkas (D:2)
  5 bats
  2 frilled lizards
  5 rats
154 creatures vanquished.

Notes
Turn   | Place    | Note
-------+----------+-------------------------------------------
     0 | D:1      | mopl the Djinni Shapeshifter began the quest for the Orb.
     0 | D:1      | Reached XP level 1. HP: 17/17 MP: 0/0
    66 | D:1      | Reached XP level 2. HP: 22/22 MP: 0/0
   415 | D:2      | Reached XP level 3. HP: 17/27 MP: 0/0
   415 | D:2      | Learned a level 1 spell: Freeze
   415 | D:2      | Identified the +2 robe of Nophegiu {rC+ Str+3}
   512 | D:2      | Reached skill level 3 in Shapeshifting
   558 | D:2      | Identified the +3 dagger of the Everdark {heavy, Dex+4
                  | Stlth+}
   761 | D:2      | Found Rutug's Magic Scroll Shop.
   771 | D:2      | Reached XP level 4. HP: 32/32 MP: 0/0
   776 | D:2      | Reached skill level 1 in Armour
  1236 | D:3      | Reached XP level 5. HP: 20/38 MP: 0/0
  1236 | D:3      | Learned a level 2 spell: Ensorcelled Hibernation
  1319 | D:3      | Found a hide-covered altar of Uskayaw.
  1360 | D:3      | Found a faded altar of an unknown god.
  1372 | D:3      | Prayed at the altar of an unknown god.
  1372 | D:3      | Became a worshipper of Trog the Wrathful
  1372 | D:3      | Reached * piety under Trog
  1469 | D:3      | Found Luxzuirr's Antique Armour Shoppe.
  1651 | D:3      | Reached skill level 2 in Fighting
  1651 | D:3      | Reached skill level 4 in Unarmed Combat
  1654 | D:3      | Reached skill level 3 in Dodging
  1832 | D:3      | Found a large runed translucent door.
  1832 | D:3      | Found a large runed translucent door.
  1865 | D:3      | Found a sacrificial altar of Ru.
  2003 | D:3      | Reached ** piety under Trog
  2078 | D:4      | Found an iron altar of Okawaru.
  2105 | D:4      | Reached XP level 6. HP: 39/43 MP: 0/0
  2218 | D:4      | Found a runed translucent door.
  2219 | D:4      | Noticed Crazy Yiuf
  2510 | D:4      | Found a staircase to the Ecumenical Temple.
  2877 | D:4      | Killed Crazy Yiuf
  2878 | D:4      | Reached skill level 2 in Armour
  2933 | D:5      | Entered Level 5 of the Dungeon
  2954 | D:5      | Found a basalt altar of Yredelemnul.
  3191 | D:5      | Reached skill level 4 in Shapeshifting
  3191 | D:5      | Reached XP level 7. HP: 46/49 MP: 0/0
  3191 | D:5      | Learned a level 3 spell: Ozocubu's Armour
  3271 | D:5      | Found Namesaev's Antique Weapon Shop.
  3809 | D:5      | Noticed a water moccasin
  3826 | D:5      | Killed a water moccasin
  3827 | D:5      | Reached skill level 5 in Unarmed Combat
  4045 | D:6      | Reached skill level 3 in Fighting
  4163 | D:6      | Found an ornate altar of the Wu Jian Council.
  4376 | D:6      | Reached skill level 4 in Dodging
  4376 | D:6      | Reached XP level 8. HP: 56/56 MP: 0/0
  4527 | D:6      | Reached skill level 3 in Armour
  4805 | D:6      | Reached skill level 5 in Shapeshifting
  4831 | D:6      | Found Zoutodom's Jewellery Shoppe.
  4871 | D:6      | Reached skill level 6 in Unarmed Combat
  5082 | D:7      | Reached XP level 9. HP: 37/62 MP: 0/0
  5082 | D:7      | Learned a level 4 spell: Dispel Undead
  5143 | D:7      | Reached skill level 4 in Fighting
  5368 | D:7      | Noticed Dowan
  5368 | D:7      | Noticed Duvessa
  5378 | D:7      | Killed Duvessa
  5379 | D:7      | Reached skill level 5 in Dodging
  5387 | D:7      | Reached skill level 4 in Armour
  5401 | D:7      | Killed Dowan
  5405 | D:7      | Upgraded the game from 0.31-a0-997-g9a2f3ffc92 to
                  | 0.31-a0-1002-g8e65716e6e
  5554 | D:7      | Reached skill level 7 in Unarmed Combat
  5565 | D:7      | Reached skill level 6 in Shapeshifting
  5691 | D:7      | Slain by an orc warrior

Illustrated notes

Levels and vault maps discovered:
D:1:      minmay_arrival_glassed_features, layout_rooms, hex_intersection
D:2:      wad_river_or_something, layout_loops_ring, serial_shops,
          nicolae_shop_tiny_real_fake_doors
D:3:      layout_basic, eat_drink_and_be_merry_uskayaw, jmf_multi_god_temple2,
          hellmonk_ecumenical_altar_zigzags, serial_shops, shop,
          reono_crystal_passage, grunt_ministairs_5, st_stairs_1,
          nicolae_elevator_lobby_plus
D:4:      layout_gridville, okawaru_gym_becter, minmay_temple_entry_glass,
          uniq_crazy_yiuf_cottage
D:5:      layout_loops_corners, mainiacjoe_overflow_alcove_1, serial_shops,
          kennysheep_little_box
D:6:      layout_loops_ring, mainiacjoe_overflow_small_starburst, serial_shops,
          nicolae_shop_back_alley_shop
D:7:      layout_cave_pools, elyvilon_altar_5, nicolae_nh_oracle_at_delphi,
          uniq_duvessa

Skill      XL: |  1  2  3  4  5  6  7  8  9 |
---------------+----------------------------+-----
Shapeshifting  | 3 4 5 6 |  6.1
Armour         | 1 2 3 4 |  4.4
Fighting       | 2 3 4 |  4.6
Unarmed Combat | 4 5 6 7 |  7.2
Dodging        | 3 4 5 |  5.5

Action                     |  1- 3 |  4- 6 |  7- 9 || total
---------------------------+-------+-------+-------++-------
  Melee: Unarmed           |    83 |   226 |   252 ||   561
         Punch             |     2 |     4 |    12 ||    18
 Invoke: Berserk           |       |     2 |     9 ||    11
  Evoke: Wand              |       |       |     1 ||     1
   Stab: Sleeping          |       |     2 |       ||     2
 Armour: Animal skin       |    18 |       |       ||    18
         Robe              |    18 |   110 |   150 ||   278
  Dodge: Dodged            |    47 |   158 |   137 ||   342

Table legend: (Time is in decaauts)
 A = Elapsed time spent in this place.
 B = Non-inter-level travel time spent in this place.
 C = Inter-level travel time spent in this place.
 D = Time resting spent in this place.
 E = Time spent auto-exploring this place.
 F = Levels seen in this place.
 G = Mean time per level.
                   A        B        C        D        E       F      G
               +--------+--------+--------+--------+--------+-----+--------+
         Total |   5730 |   5476 |    254 |    687 |   3643 |   7 |  818.6 |
       Dungeon |   5730 |   5476 |    254 |    687 |   3643 |   7 |  818.6 |
               +--------+--------+--------+--------+--------+-----+--------+

Top non-repeatable levels by time:
     D:5: 1117 daAuts
     D:6: 1048 daAuts
     D:4: 865 daAuts
     D:3: 856 daAuts
     D:2: 831 daAuts
     D:7: 638 daAuts
     D:1: 373 daAuts
